[Event "Istanbul Open 2018"]
[Site "Istanbul"]
[Date "2018.09.06"]
[Round "7"]
[White "Kuseyri, Mehmet Ali"]
[Black "Asgarov, Nihad"]
[Result "1/2-1/2"]
[ECO "D35"]
[WhiteElo "1962"]
[BlackElo "1937"]
[Annotator "NA RC"]
[PlyCount "111"]
[EventDate "2018.09.02"]
[EventType "swiss"]
[EventCountry "TUR"]
[SourceTitle "playchess.com"]
[Source "ChessBase"]
[SourceQuality "1"]
[TimeControl "5400+30"]

1. d4 d5 2. c4 e6 3. Nc3 Be7 4. Nf3 Nf6 5. cxd5 exd5 6. Bf4 O-O 7. Qc2 c6 8. h3 {[%emt 0:01:30] D35: Queen's Gambit Declined: Exchange Variation} Bd6 9. Bg5 h6 10. Bh4 Nbd7 $146 ({Predecessor:} 10... g5 11. Bg3 Bxg3 12. fxg3 Nh5 13. Kf2 Qd6 14. e4 Nxg3 {0-1 (46) Ivanisevic,I (2613)-Kramnik,V (2760) Tromsoe 2014}) 11. g4 Qc7 12. g5 hxg5 13. Nxg5 Re8 14. O-O-O Nf8 15. Rg1 Bf4+ 16. e3 Rxe3 17. Kb1 Re8 18. Bd3 Ng6 19. Bxg6 fxg6 20. Qxg6 Bxg5 21. Rxg5 Qf7 22. Qxf7+ Kxf7 23. Rdg1 Rg8 24. R1g3 g6 25. Re5 Rh8 26. Bxf6 Kxf6 27. Ree3 Bf5+ 28. Kc1 Rh4 29. Ne2 Rah8 30. Ra3 a6 31. Rab3 R8h7 32. Rge3 Rxh3 33. Ng3 R3h4 34. Ne2 Rh2 35. Rf3 Rh1+ 36. Kd2 R1h4 37. Kc3 Re4 38. Ng3 Re1 39. Kb4 Rc1 40. Rbc3 Rd1 41. Rf4 $2 (41. Nxf5 $17 {was called for.} gxf5 42. Rcd3 Rxd3 43. Rxd3) 41... Rd2 42. Rcf3 $19 Rxb2+ 43. Ka3 Rd2 44. Nxf5 gxf5 45. Rxf5+ Ke6 46. Rf6+ Ke7 47. R6f4 Kd7 48. Kb3 Kc7 49. a3 Kb6 50. Kc3 Rd1 51. Kc2 Rhh1 52. Rb3+ Ka5 53. Rxb7 Rc1+ 54. Kd2 Rhd1+ 55. Ke2 Re1+ 56. Kd2 1/2-1/2

[Event "Istanbul Open 2018"]
[Site "Istanbul"]
[Date "2018.09.06"]
[Round "7"]
[White "Tirak, Mert"]
[Black "Ozkan, Taha"]
[Result "1-0"]
[ECO "C00"]
[WhiteElo "1941"]
[BlackElo "1997"]
[Annotator "NA RC"]
[PlyCount "69"]
[EventDate "2018.09.02"]
[EventType "swiss"]
[EventCountry "TUR"]
[SourceTitle "playchess.com"]
[Source "ChessBase"]
[SourceQuality "1"]
[TimeControl "5400+30"]

1. e4 e6 2. b3 d5 3. Bb2 dxe4 4. Nc3 {[%emt 0:00:00] C00: French: Unusual White 2nd moves} Nf6 5. Nge2 (5. Qe2 Nc6 6. Nxe4 Nxe4 7. Qxe4 Qd5 8. Qxd5 exd5 9. O-O-O f6 10. Ne2 Bc5 11. Nf4 Ne7 12. Re1 Kf7 13. f3 Bd6 {½-½ (35) Gelashvili,T (2556)-Azaladze,S (2464) Tbilisi 2017}) 5... b6 6. Ng3 Bb7 7. Qe2 Be7 $146 ({Predecessor:} 7... Ba6 8. Qe3 Bc5 9. Qf4 g5 10. Qxg5 Rg8 11. Qf4 Rg4 12. Qh6 Rg6 13. Qf4 Rg4 14. Qh6 {½-½ (14) De Filippis,F (2424)-Delizia,C (2344) ICCF email 2012}) 8. Ngxe4 O-O 9. O-O-O Nc6 10. f3 a5 11. a4 Nd4 12. Qf2 e5 13. g4 c6 14. Nxf6+ Bxf6 15. h4 b5 16. Qg3 c5 17. g5 Be7 18. Nxb5 Bxf3 {[%emt 0:01:30] [#]} 19. Nxd4 $1 Bxh1 20. Nf5 Re8 $2 (20... Bd6 21. Re1 (21. Bxe5 Bxe5 22. Qxe5 f6 $14) 21... Bb7) 21. Nxg7 Kxg7 22. Qxe5+ f6 23. gxf6+ Bxf6 24. Qg5+ Kf7 25. Bc4+ Re6 26. Rf1 Ke7 27. Bxf6+ Rxf6 28. Qxf6+ Kd7 29. Qe6+ Kc7 30. Rf7+ Kb8 31. Qe5+ Kc8 32. Be6+ Qd7 33. Bxd7+ Kb7 34. Bb5+ Kc8 35. Qh8# 1-0

[Event "Istanbul Open 2018"]
[Site "Istanbul"]
[Date "2018.09.06"]
[Round "7"]
[White "Aydin, Kaan Ayhan"]
[Black "Gonullu, Muhammed Sinan"]
[Result "1/2-1/2"]
[ECO "B27"]
[WhiteElo "1877"]
[BlackElo "1816"]
[Annotator "NA RC"]
[PlyCount "152"]
[EventDate "2018.09.02"]
[EventType "swiss"]
[EventCountry "TUR"]
[SourceTitle "playchess.com"]
[Source "ChessBase"]
[SourceQuality "1"]
[TimeControl "5400+30"]

1. e4 c5 2. Nf3 g6 3. d4 Bg7 4. dxc5 Qa5+ 5. Nc3 Qxc5 6. Nd5 Qa5+ {[%emt 0:03:30] B27: Sicilian: 2 Nf3, unusual Black 2nd moves} 7. Bd2 Qd8 8. Bc3 Bxc3+ 9. Nxc3 Nc6 10. Qd2 (10. Bc4 Nf6 11. e5 Nh5 12. Qd2 Qa5 13. O-O-O Qb4 14. Bb3 {1-0 (35) Varga,Z (2441)-Petakov,U (2348) Stari Banovci 2013}) 10... d6 11. O-O-O Bg4 12. h3 $146 ({Predecessor:} 12. Nd5 Rc8 13. Bb5 a6 14. Bxc6+ bxc6 {½-½ (31) Vegh,E (2260)-Hajbok,R (2261) Hungary 2010}) 12... Bxf3 13. gxf3 Qa5 14. Kb1 O-O-O 15. f4 Nf6 16. Rg1 h6 17. Bc4 e6 18. Bb3 Kb8 19. Rg3 a6 20. Rd3 Ne8 21. Qe3 Qc7 22. Na4 b5 23. Nc3 Qa7 24. Qxa7+ Kxa7 25. Ne2 Kb6 26. c4 Na5 27. cxb5 axb5 28. Nd4 Nf6 29. f3 Nb7 30. Ne2 Rd7 31. Rc3 Rc7 32. Rxc7 Kxc7 33. Nd4 Kb6 34. Rc1 Nc5 35. Bd1 e5 36. fxe5 dxe5 37. b4 exd4 38. Rxc5 Rd8 39. Kc1 Ne8 40. Bb3 Nc7 41. Bd5 Rd6 42. a3 Nxd5 43. exd5 Rf6 44. Kd2 g5 45. Kd3 Rxf3+ 46. Kxd4 Rxa3 47. Rc6+ Kb7 48. Rxh6 f5 49. Rh5 Rg3 50. Kc5 f4 51. Rh7+ ({Resist} 51. Kxb5 $6 Kc7 $16) 51... Kc8 {[%emt 0:00:30] [#]} 52. Kxb5 (52. Kc6 $1 $16 Rc3+ 53. Kxb5) 52... Rc3 53. Rg7 Rxh3 54. Rxg5 Kc7 55. Rf5 Rf3 56. Kc5 Rc3+ 57. Kd4 Rb3 58. Kc4 Rf3 59. b5 Rf1 60. Rf7+ Kd6 $1 61. b6 f3 62. Rf6+ Kd7 63. Rf7+ Kd6 64. b7 Rb1 65. Rxf3 Rxb7 66. Rf6+ Kc7 67. Rf7+ Kc8 68. Rxb7 Kxb7 69. Kd4 Kc7 70. Ke5 Kd7 71. d6 Kd8 72. Kf6 Kd7 73. Ke5 Kd8 $11 74. Ke6 Ke8 75. Kf5 Kd7 76. Ke4 Kxd6 1/2-1/2

[Event "Istanbul Open 2018"]
[Site "Istanbul"]
[Date "2018.09.06"]
[Round "7"]
[White "Emir, Emirhan"]
[Black "Sarikavak, Serdar Ihsan"]
[Result "1/2-1/2"]
[ECO "E85"]
[WhiteElo "1852"]
[BlackElo "1798"]
[Annotator "NA RC"]
[PlyCount "127"]
[EventDate "2018.09.02"]
[EventType "swiss"]
[EventCountry "TUR"]
[SourceTitle "playchess.com"]
[Source "ChessBase"]
[SourceQuality "1"]
[TimeControl "5400+30"]

1. d4 Nf6 2. c4 g6 3. Nc3 Bg7 4. e4 d6 5. f3 O-O 6. Be3 e5 7. Nge2 Nc6 8. d5 Ne7 9. Qd2 Nd7 10. g4 f5 11. gxf5 {[%emt 0:00:30] E85: Königsindisch (Sämisch-Angriff)} gxf5 12. O-O-O f4 13. Bf2 a6 (13... Bf6 14. h4 Kh8 15. Bh3 a6 16. Kb1 Rb8 17. Nc1 b6 18. h5 Nc5 19. Bxc8 Qxc8 {1-0 (73) Stopa,J (2469)-Panchanatham,V (2278) Las Vegas 2015}) 14. Kb1 Ng6 15. h4 $146 ({Vorgänger:} 15. Nc1 Bf6 16. h4 h5 17. Bh3 Kh7 18. Rdg1 Rg8 {1-0 (52) Kraidman,Y (2307)-Smith,I Port Erin 2004}) 15... h5 16. Bh3 Bf6 17. Rdg1 Kh7 18. Bf5 Rg8 19. Nc1 b6 20. Qc2 a5 21. Be1 Nc5 22. Bxg6+ Rxg6 23. Rxg6 Kxg6 24. Rg1+ Kh7 25. Nb5 Na6 26. Nd3 Bg7 27. Qg2 Qf6 28. Nxf4 Bg4 29. fxg4 Qxf4 30. Bd2 Qxg4 31. Qxg4 hxg4 32. Rxg4 Bh6 33. Bxh6 Kxh6 34. Kc2 Rf8 35. a3 Rf7 36. Nc3 Kh5 37. Rg8 Kxh4 38. Ra8 Nc5 39. b4 Rf2+ 40. Kd1 axb4 41. axb4 Nd3 42. Rc8 Rf7 43. Nb5 Nf2+ 44. Ke2 Nxe4 45. Nxc7 Ng3+ 46. Ke1 e4 47. Kd2 Rf2+ 48. Kc3 e3 49. Re8 e2 50. Kd2 Rf1 51. Rxe2 Nxe2 52. Kxe2 Rf8 53. Kd3 Kg4 54. Nb5 Rf6 55. Na7 Rf3+ 56. Kd4 Rf4+ 57. Kc3 Rf8 58. Kb3 Kf5 59. Nc6 Ra8 60. Nd4+ Ke4 61. Nb5 Ke5 62. Kb2 Rh8 63. Kb3 Ra8 (63... Rb8 $17 64. Nc3 Rf8) 64. Kb2 $17 1/2-1/2

[Event "Istanbul Open 2018"]
[Site "Istanbul"]
[Date "2018.09.06"]
[Round "7"]
[White "Ozveren, Ali Bulent"]
[Black "Gulsoy, Mustafa Alpago"]
[Result "1/2-1/2"]
[ECO "A46"]
[WhiteElo "1849"]
[BlackElo "2061"]
[Annotator "NA RC"]
[PlyCount "194"]
[EventDate "2018.09.02"]
[EventType "swiss"]
[EventCountry "TUR"]
[SourceTitle "playchess.com"]
[Source "ChessBase"]
[SourceQuality "1"]
[TimeControl "5400+30"]

1. Nf3 Nf6 2. g3 b5 3. d4 Bb7 4. Bg2 e6 5. O-O Be7 6. Bg5 h6 {[%emt 0:00:00] LiveBook: 6 Games A46: 1 d4 Nf6 2 Nf3 e6: Torre, London and Colle Systems} (6... O-O 7. Nbd2 d5 8. c3 Nbd7 9. Qc2 c5 10. a4 a6 11. axb5 axb5 12. dxc5 Nxc5 13. Rxa8 Qxa8 14. Nd4 Qa6 {0-1 (66) Teske,H (2475)-Lenic,L (2639) Berlin 2015}) 7. Bxf6 Bxf6 8. Nbd2 d6 9. c3 Nd7 10. Qc2 Rc8 $146 ({Predecessor:} 10... Be7 11. e4 O-O 12. Rad1 c5 13. Nb3 cxd4 14. cxd4 Qb6 15. Nbd2 Rac8 16. Qb1 Rc7 17. Rc1 Rfc8 18. Rxc7 Qxc7 19. Re1 a6 {½-½ (19) Wademark,O-Lindberg,H Borlange 1992}) 11. a4 a6 12. axb5 axb5 13. Ra7 Rb8 14. Rfa1 c5 15. Ne5 d5 16. Nxd7 Qxd7 17. dxc5 O-O 18. e3 b4 19. c4 Rfc8 20. cxd5 exd5 21. Nb3 Be7 22. Rc1 Qd8 23. Qd2 Ba8 24. Bh3 Rc7 25. Rxc7 Qxc7 26. c6 Rb6 27. Nd4 Bxc6 28. Qc2 b3 29. Nxb3 Qd8 30. Nd4 Bb7 31. b3 Bf6 32. Rd1 g6 33. Bg2 Qd6 34. h4 h5 35. Ne2 Kh7 (35... Qd7 $16) 36. Nf4 d4 37. Bxb7 Rxb7 38. exd4 Bxh4 39. Qc5 Be7 40. Qc4 Bg5 41. Ng2 Kg7 42. Rd3 h4 43. gxh4 Rc7 44. Qxc7 Qxc7 45. hxg5 Qc1+ 46. Kh2 Qc2 ({Black should try} 46... Qxg5 $17 47. Ne3 Kf6) 47. Rf3 Qd1 48. Rg3 Qxd4 49. Ne3 Kf8 50. Kg1 Qb4 51. Nc4 Qe1+ 52. Kg2 Qe4+ 53. Kg1 Qf4 54. Kg2 f6 (54... Qd4 $15) 55. gxf6 Kf7 56. Ne3 Qe4+ 57. Kg1 Kxf6 58. Ng4+ Kg7 59. Ne3 Kf7 60. Nc4 Kf6 61. Re3 Qg4+ 62. Rg3 Qd1+ 63. Kg2 Qd5+ 64. Kg1 g5 65. Ne3 Qe4 66. Ng4+ Kg6 67. Nh2 Qb1+ 68. Kg2 Kf5 69. Re3 Qc2 70. Rf3+ Ke6 71. Re3+ Kd5 72. Nf3 g4 73. Nh2 Qf5 74. Rg3 Qe4+ 75. Kg1 Qb1+ 76. Nf1 Ke6 77. Re3+ Kf7 78. Kg2 Qd1 79. Rg3 Qd5+ 80. Kg1 Qd1 81. Re3 Kg6 82. Re6+ Kf5 83. Re3 Kg6 84. Kg2 Qd5+ 85. Kh2 Qf5 86. Kg3 Kg5 87. Nh2 Qf6 88. Kg2 Qd6 89. Rg3 Qd5+ 90. Kg1 Qd1+ 91. Nf1 Kf4 $11 92. Rc3 Kg5 93. Rc5+ Kf4 94. Rc4+ Kg5 95. Rc3 Kf4 96. Rg3 Qb1 97. Kg2 Qe4+ 1/2-1/2

[Event "Istanbul Open 2018"]
[Site "Istanbul"]
[Date "2018.09.06"]
[Round "7"]
[White "Mehrinejad, Mansour"]
[Black "Bayramov, Araz"]
[Result "1/2-1/2"]
[ECO "D03"]
[WhiteElo "1839"]
[BlackElo "1750"]
[Annotator "NA RC"]
[PlyCount "109"]
[EventDate "2018.09.02"]
[EventType "swiss"]
[EventCountry "TUR"]
[SourceTitle "playchess.com"]
[Source "ChessBase"]
[SourceQuality "1"]
[TimeControl "5400+30"]

1. d4 d5 2. Bg5 Nf6 3. Nf3 e6 4. e3 c5 5. c3 Nbd7 6. Bd3 Be7 7. Nbd2 b6 8. O-O O-O 9. Ne5 Bb7 10. Nxd7 {[%emt 0:05:30] D03: 1 d4 d5 2 Nf3 Nf6 3 Bg5, including Torre Attack with early ...d5} (10. f4 Ne8 11. Bxe7 Qxe7 12. Rf3 g6 13. Rg3 Ng7 14. Rh3 f6 15. Nxd7 Qxd7 16. Qg4 Nf5 17. Qe2 e5 18. fxe5 fxe5 19. dxe5 {½-½ (36) Ponomarev,D (2409)-Goganov,A (2608) Voronezh 2015}) 10... Nxd7 11. Bf4 Bf6 $146 ({Predecessor:} 11... Nf6 12. f3 h6 13. Be5 Rc8 14. Bxf6 Bxf6 15. f4 cxd4 16. exd4 g6 17. Nf3 Bc6 {1-0 (29) Nguyen Thi Thu,Q (1968)-Le,T (1825) Nha Trang 2009}) 12. Nf3 a5 13. Qe2 c4 14. Bc2 b5 15. e4 dxe4 16. Bxe4 Bxe4 17. Qxe4 Nb6 18. Rfd1 Nd5 19. Be5 b4 20. Rac1 bxc3 21. bxc3 a4 22. Qe2 Rc8 23. Bxf6 Nxf6 24. Ne5 Qa5 25. Rd2 Nd5 26. Rdc2 Rc7 27. h4 a3 28. h5 Qa6 29. h6 g6 30. Re1 f6 31. Nf3 Kf7 32. Qe4 {[%emt 0:00:30] [#]} (32. g3 $11 {keeps the balance.}) 32... Qc6 (32... Rb7 $1 $17 33. g4 Rb2) 33. g4 Ne7 34. Qe3 {[%emt 0:02:24] [#]} (34. d5 $11 Qxd5 35. Qf4) 34... g5 $1 35. Rce2 {[%emt 0:01:21] [#]} Nd5 (35... Rg8 $1 $17) 36. Qe4 (36. Nxg5+ $5 fxg5 37. Qxg5 $11) 36... Kg8 37. Rc2 (37. Qxe6+ $15 Qxe6 38. Rxe6) 37... Nf4 38. Qe3 (38. Qxc6 $17 Rxc6 39. Rb1) 38... Rb8 (38... Qd5 $142 39. Qe4 Qxe4 40. Rxe4 Rb8) 39. d5 Nxd5 40. Qxe6+ Qxe6 41. Rxe6 Rb2 42. Ree2 Rcb7 43. Nd4 Rxc2 44. Rxc2 Nf4 45. f3 $2 {[%emt 0:01:03] [#]} (45. Kh2) 45... Kf7 $2 (45... Rb2 $1 $19 46. Rc1 Rxa2) 46. Kf2 Rb1 47. Ke3 Kg6 ({Black should try} 47... Nd5+ $17 48. Ke4 Ne7) 48. Nf5 $1 Rb2 49. Kd2 $1 Rb1 $11 50. Ne3 Rh1 51. Nxc4 Rh2+ 52. Kd1 Rh1+ 53. Kd2 Rh2+ 54. Kd1 Rh1+ 55. Kd2 1/2-1/2

[Event "Istanbul Open 2018"]
[Site "Istanbul"]
[Date "2018.09.06"]
[Round "7"]
[White "Hakkaki Fard, Pedram"]
[Black "Konuk, Ali"]
[Result "1/2-1/2"]
[ECO "A82"]
[WhiteElo "1815"]
[BlackElo "1807"]
[Annotator "NA RC"]
[PlyCount "150"]
[EventDate "2018.09.02"]
[EventType "swiss"]
[EventCountry "TUR"]
[SourceTitle "playchess.com"]
[Source "ChessBase"]
[SourceQuality "1"]
[TimeControl "5400+30"]

1. d4 f5 2. e4 fxe4 3. f3 Nf6 4. Nc3 Nc6 5. fxe4 {[%emt 0:00:30] A82: Dutch Defence: Staunton Gambit} e5 6. d5 (6. dxe5 Nxe5 7. Nf3 Nxf3+ 8. Qxf3 Bb4 9. Bg5 d6 10. Bc4 Bg4 11. Bxf6 Bxc3+ 12. Qxc3 Qxf6 13. Qxf6 gxf6 {½-½ (26) Kasyan,A (2305)-Dzhumaev,M (2552) Tashkent 2009}) 6... Ne7 7. Bg5 d6 $146 ({Predecessor:} 7... Ng6 8. Bd3 Bc5 9. Qd2 O-O 10. O-O-O a5 11. Nf3 d6 12. Rdf1 Bd7 13. Be3 Bxe3 14. Qxe3 {1-0 (39) Wornath,K (2230)-Pfaff,M Wiesbaden 1997}) 8. Bxf6 gxf6 9. Qh5+ Ng6 10. Nf3 Qe7 11. Nh4 Rg8 12. O-O-O a6 13. Nf5 Qf7 14. g3 Bd7 15. Be2 O-O-O 16. Rhf1 Rh8 17. Rd3 Be7 18. Rdf3 Rdf8 19. Nd1 Bd8 20. Rc3 Kb8 21. Qf3 Ne7 22. Nfe3 Nc8 23. Nc4 h5 24. Nde3 Nb6 25. Nf5 Bb5 (25... Qh7 $16 {is a better defense.}) 26. Nxb6 Bxe2 27. Qxe2 cxb6 28. Nxd6 Qd7 29. Nf5 b5 30. Rcf3 Rh7 31. Nh4 Qg4 32. Qd3 Rc7 33. Nf5 Rh8 34. Nh4 Rc4 35. Re1 Ba5 36. Re2 Rd4 37. Qe3 Bb6 $1 38. Qa3 $2 (38. h3 $11 {and White has nothing to worry.} Qxh3 39. Qc3) 38... b4 (38... Rxe4 $19 {has better winning chances.} 39. Rxe4 Qxe4) 39. Qb3 Rxe4 40. Rxe4 Qxe4 41. Rf1 Rc8 42. Rd1 a5 43. Qd3 Qxd3 44. Rxd3 e4 45. Rd1 Rd8 46. c3 bxc3 47. bxc3 e3 48. Nf3 Kc7 49. Kc2 Kd6 50. c4 Re8 51. Ne1 ({White should try} 51. Re1 $15) 51... a4 52. Rb1 {[%emt 0:00:21] [#]} Ba5 $1 53. Kd3 b6 $2 (53... e2 $19 54. h3 b6) 54. Ke2 Kc5 55. Rc1 (55. Ng2 $14) 55... Bd2 56. Rc2 a3 57. Nf3 Bb4 58. Ne1 Kd4 59. Nd3 Bd6 60. Nf4 Bxf4 61. gxf4 Ke4 62. Rc3 Kxf4 63. Rxa3 Rg8 $2 (63... f5 $11) 64. Rxe3 Rg2+ 65. Kd3 Rxa2 66. Re4+ Kf5 {[%emt 0:00:38] [#]} 67. h4 $2 (67. Re1 $1 $18) 67... Ra3+ 68. Kd4 Ra4 $2 ({Black should play} 68... Ra1 $14 69. Re2 Rh1) 69. d6 $2 ({White should try} 69. Re1 $18) 69... Ra8 $2 (69... Ra1 $11) 70. Kd5 Ra5+ 71. Kd4 Ra8 72. Re7 Rd8 73. Kd5 Kg4 74. Kc6 Rc8+ 75. Rc7 Rd8 $18 1/2-1/2

[Event "Istanbul Open 2018"]
[Site "Istanbul"]
[Date "2018.09.06"]
[Round "7"]
[White "Gezici, Omer Ata"]
[Black "Pektas, Gokdeniz"]
[Result "1-0"]
[ECO "B31"]
[WhiteElo "1736"]
[BlackElo "1602"]
[Annotator "NA RC"]
[PlyCount "103"]
[EventDate "2018.09.02"]
[EventType "swiss"]
[EventCountry "TUR"]
[SourceTitle "playchess.com"]
[Source "ChessBase"]
[SourceQuality "1"]
[TimeControl "5400+30"]

1. e4 c5 2. Nf3 Nc6 3. Bb5 g6 4. Bxc6 dxc6 5. d3 Bg4 6. Nbd2 Bg7 7. h3 Bxf3 8. Nxf3 Nf6 9. Be3 Nd7 10. c3 e5 11. Qd2 Qe7 12. O-O O-O 13. Rfe1 Rad8 14. Rad1 Rfe8 15. Qc2 Nf8 16. Qa4 Ne6 17. Qxa7 Ra8 18. Qb6 Rxa2 19. d4 cxd4 20. cxd4 exd4 21. Nxd4 Ra6 22. Nxc6 Rxb6 23. Nxe7+ Rxe7 24. Bxb6 Bxb2 25. Re2 Be5 26. g3 g5 27. Rd5 Bc7 28. Rb2 h6 29. Bxc7 Rxc7 30. Rdb5 Nd8 31. Kg2 Kg7 32. Kf3 Rc3+ 33. Ke2 Rc7 34. Ke3 Kg8 35. Kd4 Kg7 36. Kd5 Rd7+ 37. Kc5 Rd1 38. Rb1 Rd2 39. R5b2 Ne6+ 40. Kb6 Rd4 41. Re2 Kg6 42. Kb5 h5 43. Kb6 h4 44. gxh4 gxh4 45. Re3 Rd2 46. Rf3 Ng5 47. Rg1 Rb2+ 48. Kc7 f6 49. Rf5 Rb4 50. Rg4 Kh6 51. Rxf6+ Kh5 52. Rf5 1-0

[Event "Istanbul Open 2018"]
[Site "Istanbul"]
[Date "2018.09.06"]
[Round "7"]
[White "Ocakacan, Deniz"]
[Black "Kavacik, Ahmet"]
[Result "*"]
[ECO "B97"]
[WhiteElo "1650"]
[BlackElo "1800"]
[Annotator "NA RC"]
[PlyCount "180"]
[EventDate "2018.09.02"]
[EventType "swiss"]
[EventCountry "TUR"]
[SourceTitle "playchess.com"]
[Source "ChessBase"]
[SourceQuality "1"]
[TimeControl "5400+30"]

1. e4 c5 2. Nf3 d6 3. d4 Nf6 4. Nc3 cxd4 5. Nxd4 a6 6. Bg5 e6 7. f4 Qb6 8. a3 Nc6 9. Nb3 Be7 {[%emt 0:02:30] B97: Sicilian Najdorf: Poisoned Pawn} 10. Qf3 (10. Qd2 O-O 11. O-O-O Rd8 12. Bd3 h6 13. h4 Bd7 14. Qe2 Kf8 15. e5 dxe5 16. fxe5 hxg5 17. exf6 Bxf6 18. hxg5 Bxg5+ {1-0 (35) Nakamura,H (2786)-Nepomniachtchi,I (2751) Moscow 2017 CBM 179 [Yermolinsky,A]}) 10... h6 11. Bh4 {[%emt 0:01:30] LiveBook: 7 Games} Qc7 12. O-O-O b5 $146 ({Predecessor:} 12... g5 13. e5 gxh4 14. exf6 Bxf6 15. Ne4 Be7 16. Qc3 Rg8 17. Nf6+ Bxf6 18. Qxf6 {½-½ (64) Yu,Y (2652)-Zhao,J (2580) Xinghua Jiangsu 2011}) 13. e5 dxe5 14. fxe5 Ng8 15. Bxe7 Ngxe7 16. Bxb5 Rb8 17. Bxc6+ Nxc6 18. Rhe1 O-O 19. Qg3 a5 20. Re4 Ba6 21. Nc5 Bc8 22. Nd3 Ne7 23. Rf1 (23. Qf2 $16) 23... Ba6 24. Rf2 Nf5 25. Qh3 Qb7 26. g4 Bxd3 27. cxd3 Qb6 28. Rg2 Ne7 29. Qe3 Qb7 30. Rc2 Rfc8 31. Qe1 Qb3 32. Kd2 Nd5 33. Qc1 Rd8 34. Na4 {[%emt 0:01:34] [#]} Nb4 $2 (34... Nf6 $1 $19 {is more deadly.} 35. Rec4 Qxd3+ 36. Ke1 Ne4) 35. Nc5 Qxc2+ 36. Qxc2 Nxc2 37. Kxc2 Rbc8 38. d4 Kf8 39. Kc3 Ke7 40. Kc4 Rd5 ({Lieber} 40... Ra8 $17) 41. b4 axb4 42. axb4 Ra8 43. Re2 (43. b5 $11) 43... Ra1 44. Rb2 $2 (44. Nb3 $15 Rg1 45. h3) 44... Rc1+ 45. Kb5 Rxd4 46. Kb6 Rd5 47. Ra2 Rd8 (47... g5 $19 48. Ra7+ Kf8) 48. Ra7+ Ke8 (48... Kf8 $19 49. Rc7 Rh1) 49. Rb7 $2 (49. Rc7 $1 $11) 49... Rc8 (49... Re1 $19 50. b5 Rxe5) 50. Ne4 R8c6+ 51. Kb5 Rc7 52. Rb8+ {[%emt 0:00:32] [#]} (52. Rxc7 $17 Rxc7 53. Nc5) 52... Ke7 $1 53. Nd6 {[%emt 0:00:23] [#]} (53. h4 $142) 53... Re1 $2 (53... f6 $1 $19 54. Re8+ Kd7) 54. Nc8+ Kd7 55. Nb6+ Ke7 56. Nc8+ Rxc8 57. Rxc8 Rxe5+ 58. Kc6 Re4 59. b5 Rc4+ $1 60. Kb7 Rxg4 61. Rc7+ Kf6 62. Rc2 Rb4 63. b6 e5 64. Kc6 e4 65. b7 Ke6 66. Rc5 $2 {[%emt 0:00:56] [#]} (66. Rd2 $11 Rxb7 67. Kxb7) 66... Rxb7 $3 67. Kxb7 f5 68. Kb6 f4 69. Kb5 {[%emt 0:00:05] [#]} f3 $2 (69... e3 $1 $19 70. Rc8 f3 71. Re8+ Kf5 72. Rxe3 Kf4) 70. Rc1 $1 Ke5 (70... Kd5 $5 71. Rd1+ $8 Ke5 $11) 71. Kc4 g5 $2 {[%emt 0:00:22] [#]} (71... Kf4 $11 72. Kd4 f2) 72. Kc3 $1 Kf4 73. Kd2 e3+ 74. Ke1 g4 75. Rc8 h5 $2 (75... e2 $16 76. Kf2 Kg5 77. Rc5+ Kf6 78. Rc6+ Kg5) 76. Rg8 $2 (76. Rc4+ Kg5 77. Rc5+ Kf4 78. Rxh5) 76... Kf5 $1 77. Rf8+ Kg5 $1 78. Re8 (78. Kf1 $16) 78... Kf4 {[%emt 0:00:55] [#]} 79. Rf8+ ({White should try} 79. Rh8 $1 $16 Kg5 {White should try} 80. Kf1 $16) 79... Kg5 80. Re8 Kf4 81. Rg8 Kf5 82. Kf1 Kf4 83. Rf8+ Kg5 $1 84. Re8 Kf4 85. Rf8+ (85. Rh8 $18) 85... Kg5 86. Re8 Kf4 87. Rg8 $2 h4 88. Rf8+ Ke4 89. Re8+ Kd3 90. Rd8+ $11 Kc2 *

[Event "Istanbul Open 2018"]
[Site "Istanbul"]
[Date "2018.09.06"]
[Round "7"]
[White "Kocer, Ahmet Doruk"]
[Black "Gulceken, Sumeyye"]
[Result "1/2-1/2"]
[ECO "C02"]
[WhiteElo "1635"]
[BlackElo "1549"]
[Annotator "NA RC"]
[PlyCount "119"]
[EventDate "2018.09.02"]
[EventType "swiss"]
[EventCountry "TUR"]
[SourceTitle "playchess.com"]
[Source "ChessBase"]
[SourceQuality "1"]
[TimeControl "5400+30"]

1. e4 e6 2. d4 d5 3. e5 c5 4. c3 Qb6 5. Nf3 Nc6 6. a3 Bd7 7. b4 cxd4 8. cxd4 Be7 9. Be2 f6 10. O-O Qc7 11. Bb2 Nh6 12. h3 fxe5 13. Nxe5 Nxe5 14. dxe5 O-O 15. Nd2 Nf5 16. Nf3 Rac8 17. Rc1 Qb6 18. Rxc8 Rxc8 19. Nd4 Rf8 20. Nxf5 Rxf5 21. Bd4 Qc7 22. Qb1 g6 23. Rc1 Qb8 24. Qc2 Bd8 25. Bd3 Rf7 26. g3 a6 27. h4 b5 28. Kg2 Bb6 29. Bxb6 Qxb6 30. Qc5 Qxc5 31. Rxc5 Rf8 32. Rc7 Rf7 33. f4 Be8 34. Rc8 Kf8 35. Kf3 Ra7 36. g4 Ke7 37. Ke3 a5 38. Rb8 axb4 39. axb4 Ra3 40. Rb7+ Kd8 41. Rxh7 Rb3 42. h5 gxh5 43. gxh5 Rxb4 44. h6 d4+ 45. Kd2 Rb2+ 46. Kc1 Rb3 47. Be4 Re3 48. Bg2 Rc3+ 49. Kd2 Bg6 50. Rh8+ Ke7 51. Ba8 Rh3 52. Bc6 b4 53. Rb8 Rxh6 54. Rxb4 Rh2+ 55. Ke1 d3 56. Bf3 d2+ 57. Kd1 Rf2 58. Be2 Bf5 59. Rd4 Bg6 60. Rb4 1/2-1/2

[Event "Istanbul Open 2018"]
[Site "Istanbul"]
[Date "2018.09.06"]
[Round "7"]
[White "Tahaoglu, Erkin"]
[Black "Sar, Can"]
[Result "1-0"]
[ECO "B07"]
[WhiteElo "1613"]
[BlackElo "1800"]
[Annotator "NA RC"]
[PlyCount "97"]
[EventDate "2018.09.02"]
[EventType "swiss"]
[EventCountry "TUR"]
[SourceTitle "playchess.com"]
[Source "ChessBase"]
[SourceQuality "1"]
[TimeControl "5400+30"]

1. d4 Nf6 2. Bf4 g6 3. Nc3 d6 4. e4 Bg7 5. Qd2 O-O 6. O-O-O c6 7. f3 b5 8. Bh6 b4 {[%emt 0:03:30] B07: Pirc Defence: Miscellaneous Systems} 9. Na4 (9. Nce2 Bxh6 10. Qxh6 Qa5 11. Kb1 e5 12. g4 Be6 13. Nc1 Nbd7 14. Nh3 exd4 15. Ng5 Ne5 16. Be2 {0-1 (32) Vymazal,B (2347)-Gupta,A (2617) Budapest 2018}) 9... Qa5 10. b3 Nbd7 11. Bxg7 $146 ({Predecessor:} 11. Kb1 Bxh6 12. Qxh6 Nb6 13. Nb2 Qh5 14. Qxh5 Nxh5 15. g4 Nf4 16. Ne2 Nxe2 17. Bxe2 {1-0 (33) Kudla,R (2044)-Trombik,K (2017) Czechia 2014}) 11... Kxg7 12. Kb1 Nb6 13. Nb2 Be6 14. g4 Bxg4 15. Bd3 Bd7 16. Ne2 c5 17. h4 h5 18. Rdg1 Bb5 19. Ng3 Rh8 20. Qg5 Kf8 21. dxc5 Bxd3 22. Nxd3 dxc5 23. Qxc5 Qxc5 24. Nxc5 a5 25. Rd1 Kg7 26. Rd2 Rhc8 27. Nd3 Rc7 28. Nf4 Rac8 29. e5 Nh7 30. Ne4 e6 31. Rg1 Kh6 32. Rdg2 Rg8 33. Nd6 Nf8 34. Rg5 Rh8 35. Kb2 Nd5 $2 (35... a4 $16 {ist wohl besser.}) 36. Nxd5 exd5 37. f4 Rg8 38. Ne8 $18 Rc5 39. Nf6 Rh8 40. f5 d4 41. fxg6 fxg6 42. e6 Rc7 43. Nd5 Rg7 44. Re1 Nh7 45. Rge5 Re8 46. e7 Rgg8 47. Nc7 Nf6 48. Nxe8 Rxe8 49. Rxa5 1-0

[Event "Istanbul Open 2018"]
[Site "Istanbul"]
[Date "2018.09.06"]
[Round "7"]
[White "Topcu, Tibet Tuna"]
[Black "Sen, Irem"]
[Result "0-1"]
[ECO "D24"]
[WhiteElo "1590"]
[BlackElo "1670"]
[Annotator "NA RC"]
[PlyCount "108"]
[EventDate "2018.09.02"]
[EventType "swiss"]
[EventCountry "TUR"]
[SourceTitle "playchess.com"]
[Source "ChessBase"]
[SourceQuality "1"]
[TimeControl "5400+30"]

1. d4 d5 2. Nf3 e6 3. e3 Nf6 4. c4 a6 5. Nc3 dxc4 6. a4 b6 7. Bxc4 Bb7 8. O-O Bb4 9. Qe2 O-O 10. Rd1 Qe7 11. Na2 Bd6 12. Nc3 Nbd7 13. e4 e5 14. d5 Nc5 15. Bg5 h6 16. Bh4 Ncd7 17. Ne1 Rfe8 18. Nd3 Nf8 19. Qf3 g5 20. Bg3 Ng6 21. Qe2 Nf4 22. Bxf4 exf4 23. Re1 Nd7 24. Bb3 Ne5 25. f3 h5 26. Bc2 Kg7 27. Nd1 Qf6 28. N1f2 Nxd3 29. Nxd3 Bxd5 30. e5 Qe7 31. Qd2 Bc5+ 32. Kh1 Be3 33. Qc3 Kh6 34. Nb4 Bb7 35. Qd3 Rh8 36. Qc3 c5 37. Nd3 Rag8 38. Re2 g4 39. Ne1 gxf3 40. Nxf3 Bxf3 41. gxf3 Qg5 42. Qe1 Rg7 43. h4 Qxe5 44. Qc3 Qxc3 45. bxc3 Rg3 46. Rg2 Rh3+ 47. Rh2 Rxf3 48. Be4 Rg3 49. Rg2 Rhg8 50. Rb1 c4 51. Bd5 R8g4 52. Rxg3 fxg3 53. Kg2 Bf2 54. Kh3 g2 0-1